AoeStats
← Ser shmingus bingus

Arabia

510349969Analyzed
1v1 RM · 1d ago on Sep 30, 2026· 46m 39s· 2 players
Game mode
Random Map
Map size
Tiny (2 player)
Population
200
Speed
Normal
Resources
Standard
Victory
Conquest
Starting age
Dark Age
Ending age
Imperial Age
RankedLock teamsTeams togetherTeam positionsShared explorationLock speedFull tech treeHidden civsTurbo modeCheats
Victory
Defeat
🇧🇪 Saxons · Belgium
463
+15
🇲🇽 Portuguese · Mexico
433
-15
Manquito 3000
0:31 Loom
14:42 Feudal Age
17:39 Horse Collar
22:23 Double-Bit Axe
22:33 Stone Mining
23:36 Wheelbarrow
23:03 Gold Mining
23:39 Town Watch
31:00 Castle Age
31:39 Fletching
32:21 Hand Cart
32:08 Town Patrol
32:27 Bow Saw
33:04 Heavy Plow
37:02 Bodkin Arrow
40:03 Ballistics
39:35 Guard Tower
39:59 Masonry
39:46 Murder Holes
39:32 Treadmill Crane
43:27 Elite Skirmisher
44:16 Thumb Ring
44:28 Padded Archer Armor
Ser shmingus bingus
6:05 Loom
10:08 Feudal Age
10:42 Double-Bit Axe
12:16 Gold Mining
13:24 Horse Collar
16:15 Wheelbarrow
21:22 Castle Age
20:07 Fletching
21:00 Padded Archer Armor
21:31 Stone Mining
21:36 Crossbowman
23:27 Hand Cart
24:38 Gold Shaft Mining
25:29 Heavy Plow
25:41 Bow Saw
27:31 Squires
27:34 Bodkin Arrow
30:54 Thumb Ring
33:08 Leather Archer Armor
37:54 Imperial Age
35:21 Gambesons
35:24 Arson
40:25 Conscription
40:19 Arbalester
43:01 Ring Archer Armor
42:31 Bracer
44:28 Ballistics
45:40 Elite Varangian Guard
Connection lost

Rejoining the realm…

Still unreachable

The connection could not be restored.

Session expired

The server has moved on; the page needs a fresh start.